 Dungeon Crawl Stone Soup version 0.29.1-15-g9cfb28693d (webtiles) character file.

Game seed: 12465920230238343864

13302 croobank the Sneak (level 11, -6/92 HPs)
             Began as a Demonspawn Fire Elementalist on Apr 20, 2023.
             Was a Priest of Vehumet.
             Mangled by a two-headed ogre
             ... wielding a +0 giant club
              (31 damage)
             ... on level 11 of the Dungeon.
             The game lasted 00:46:00 (14768 turns).

croobank the Sneak (Demonspawn Fire Elementalist)  Turns: 14768, Time: 00:46:00

Health: -6/92      AC:  7    Str:  8    XL:     11   Next: 73%
Magic:  24/30      EV: 15    Int: 20    God:    Vehumet [***...]
Gold:   632        SH:  0    Dex: 15    Spells: 11/23 levels left

rFire   + + .      SeeInvis .   P - +8 mace of the Key {vorpal, rElec}
rCold   + + .      Faith    .   (no shield)
rNeg    . . .      Spirit   .   O - +2 robe {rC+ rF+}
rPois   .          Reflect  .   (no helmet)
rElec   +          Harm     .   E - scarf {rC+ rF+}
rCorr   .          Rampage  .   (no gloves)
Will    .....                   F - +0 pair of boots
Stlth   ++++......              (no amulet)
HPRegen 0.25/turn               q - ring of magical power
MPRegen 0.22/turn               K - ring of wizardry

@: no status effects
A: icy blue scales 1, powered by death 2, robust 1, demonic touch 2
a: Renounce Religion


You were on level 11 of the Dungeon.
You worshipped Vehumet.
Vehumet was most pleased with you.
You visited 2 branches of the dungeon, and saw 12 of its levels.

You collected 632 gold pieces.

Inventory:

Hand Weapons
 a - a +6 dagger
 b - a +0 sling of flaming
 h - a +4 broad axe
 k - a +1 scimitar of flaming
 w - a +4 spear
 G - a +3 whip
 I - a +0 war axe
 J - a +1 short sword of freezing
 P - the +8 mace of the Key (weapon) {vorpal, rElec}
   (You found it on level 8 of the Dungeon)

   It inflicts extra damage upon your enemies.
   rElec:     It insulates you from electricity.
 S - a +1 falchion
 W - the +9 trident of Ruination {drain, *Rage Int-5 Dex+9 SInv}
   (You found it on level 9 of the Dungeon)

   A truly terrible weapon, it drains the life of any living foe it strikes.
   Int:       It affects your intelligence (-5).
   Dex:       It affects your dexterity (+9).
   SInv:      It lets you see invisible.
   *Rage:     It berserks you when you make melee attacks (+20% chance).
Missiles
 f - 3 throwing nets
 g - 4 datura-tipped darts
 l - 7 boomerangs
 Q - a silver boomerang
 R - 7 javelins
 T - 2 curare-tipped darts
Armour
 c - a +2 robe of willpower
 i - +2 steam dragon scales
 m - a +0 pair of boots
 r - a +0 troll leather armour
 E - a scarf of resistance (worn)
 F - a +0 pair of boots (worn)
 H - a +0 kite shield
 O - a +2 robe of resistance (worn)
Magical Staves
 e - a staff of cold
Jewellery
 q - a ring of magical power (left hand)
 K - a ring of wizardry (right hand)
Wands
 y - a wand of flame (28)
 z - a wand of quicksilver (11)
 A - a wand of paralysis (8)
 C - a wand of iceblast (5)
 D - a wand of polymorph (5)
 U - a wand of mindburst (6)
Scrolls
 o - 2 scrolls of fear
 N - a scroll of blinking
 V - 3 scrolls of teleportation
 Y - a scroll of identify
 Z - a scroll of butterflies
Potions
 d - a potion of brilliance
 j - 2 potions of resistance
 n - 9 potions of curing
 p - 2 potions of might
 s - a potion of berserk rage
 t - a potion of mutation
 u - 2 potions of haste
 v - 2 potions of invisibility
 x - 3 potions of attraction
 B - 4 potions of heal wounds {unknown}
 L - 3 potions of flight {unknown}
 M - 2 potions of cancellation {unknown}
 X - a potion of magic


   Skills:
 + Level 7.3 Fighting
 + Level 6.7 Dodging
 + Level 7.3 Stealth
 + Level 6.7 Spellcasting
 + Level 7.2 Conjurations
 + Level 4.4 Hexes
 + Level 7.1 Fire Magic
 + Level 3.5 Air Magic
 + Level 4.0 Poison Magic


You had 11 spell levels left.
You knew the following spells:

 Your Spells              Type           Power      Damage    Failure   Level
a - Foxfire               Conj/Fire      100%       2x1d9     1%          1
b - Scorch                Fire           70%        2d9       1%          2
c - Inner Flame           Hex/Fire       29%        N/A       1%          3
d - Poisonous Vapours     Pois/Air       44%        N/A       1%          2
e - Sticky Flame          Conj/Fire      35%        2d5       1%          4

Your spell library contained the following spells:

 Spells                   Type           Power      Damage    Failure   Level
 Magic Dart               Conj           100%       1d8       1%          1
 Conjure Flame            Conj/Fire      35%        6-21      1%          3
 Mephitic Cloud           Conj/Pois/Air  26%        N/A       1%          3
 Flame Wave               Conj/Fire      35%        2d10      1%          4
 Beastly Appendage        Tmut           12%        N/A       4%          1
 Spider Form              Tmut/Pois      14%        N/A       5%          3
 Call Imp                 Summ           6%         N/A       6%          2
 Wereblood                Tmut           6%         N/A       6%          2
 Animate Dead             Necr           6%         N/A       34%         4
 Haunt                    Necr/Summ      3%         N/A       100%        7
 Infestation              Necr           3%         N/A       100%        8


Dungeon Overview and Level Annotations

Branches:
Dungeon (11/15)            Temple (1/1) D:6            Lair (0/5) D:9
    Orc (0/2) D:9

Altars:
Ashenzari
Cheibriados
Dithmenos
Fedhas
Gozag
Hepliaklqana
Kikubaaqudgha
Makhleb
Nemelex Xobeh
Okawaru
Qazlal
Ru
Sif Muna
Trog
Uskayaw
Vehumet
Wu Jian
Xom
Yredelemnul

Shops:
D:8 (   D:11 (

Portals:
Trove: D:11 (show abyssal rune of Zot)


Innate Abilities, Weirdness & Mutations

You are partially covered in icy blue scales. (AC +2)
You regenerate health from kills.
You are robust. (+10% HP)
Your touch may inflict irresistible damage on your foes.


Message History

A two-headed ogre comes into view.
It is wielding a +0 giant club and a +0 giant spiked club.
The two-headed ogre shouts in stereo!
Casting: Scorch (safe; 1% risk of failure)
Confirm with . or Enter, or press ? or * to list all spells.
You conjure some foxfire!
The two-headed ogre hits you with a +0 giant club!!
The two-headed ogre closely misses you.
Casting: Foxfire (safe; 1% risk of failure)
Confirm with . or Enter, or press ? or * to list all spells.
Flames lash the two-headed ogre.
The two-headed ogre is moderately wounded.
The two-headed ogre's fire resistance burns away.
The foxfire hits the two-headed ogre.
The two-headed ogre is burned terribly!
The two-headed ogre is moderately wounded.
The foxfire hits the two-headed ogre.
The two-headed ogre is burned terribly!
The two-headed ogre is moderately wounded.
The two-headed ogre hits you with a +0 giant club!
The two-headed ogre hits you with a +0 giant spiked club!!
* * * LOW HITPOINT WARNING * * *
Okay, then.
Okay, then.
The two-headed ogre is no longer more vulnerable to fire.
Casting: Scorch (safe; 1% risk of failure)
Confirm with . or Enter, or press ? or * to list all spells.
Aiming: Inner Flame (safe; 1% risk of failure)
Press: ? - help, Dir - move target, f - two-headed ogre
Aim: a two-headed ogre, wielding a +0 giant club and a +0 giant spiked club (moderately wounded, chance to affect: 70%)
The two-headed ogre is filled with an inner flame.
The shadow slips into darkness.
The shadow flickers and vanishes!
Deactivating autopickup; reactivate with Ctrl-A.
Casting: Inner Flame (safe; 1% risk of failure)
Confirm with . or Enter, or press ? or * to list all spells.
Flames lash the two-headed ogre.
Flame seeps out of the two-headed ogre.
The two-headed ogre is heavily wounded.
The two-headed ogre's fire resistance burns away.
The two-headed ogre is engulfed in blazing flames.
Flame seeps out of the two-headed ogre.
The two-headed ogre hits you with a +0 giant club!!
You die...

*,,,,,,*....,,* #[(.....
*,,,,,,,......* #.......
*,,,,,*,,#...##########...##.
********##...##........#####.
#.....).∩.........#..
#.................#..
#.................#..
#..#.##.##..###...###
####@##'##..###...#*#
#.O.........#.....,
#...⌠.⌠.....#.....,
#....∩......#,,,,,,
#...⌠.⌠..[..#,,,,,,
#...........#,,,,,,
***##+##.####.##******
*#..##.##.######*,,,,**
*............#,,,,,,,,,


You could see a two-headed ogre (inner flame, combustible).

Vanquished Creatures
  Erica (D:10)
  2 two-headed ogres
  Urug (D:9)
  Nergalle (D:10)
  Pikel (D:9)
  An ugly thing (D:11)
  Joseph (D:9)
  Psyche (D:10)
  An unseen horror (D:9)
  2 trolls
  Prince Ribbit (D:5)
  Sigmund (D:2)
  Eustachio (D:5)
  3 wraiths
  4 wyverns
  A basilisk (D:9)
  4 yaks (D:10)
  3 steam dragons
  4 vampire mosquitoes (D:10)
  Menkaure (D:6)
  2 acid dragons
  4 water moccasins
  A swamp drake (D:9)
  4 orc warriors
  4 black bears
  2 sky beasts (D:7)
  2 ogres
  2 centaurs (D:7)
  4 wolves (D:9)
  A lemure (D:9)
  A phantom (D:5)
  2 kobold brigands (D:9)
  8 bullfrogs
  2 necrophages (D:5)
  4 scorpions
  A gnoll sergeant (D:7)
  7 wights
  5 killer bees (D:8)
  3 howler monkeys
  A jelly (D:5)
  5 orc priests
  A gnoll bouda (D:7)
  2 hounds
  3 iguanas
  6 orc wizards
  Jessica (D:3)
  Ijyb (D:4)
  17 gnolls
  8 adders
  2 white imps
  3 worms
  3 dart slugs
  32 orcs
  7 endoplasms
  2 giant cockroaches (D:1)
  8 goblins
  2 hobgoblins (D:1)
  5 jackals
  3 quokkas
  3 training dummies (D:8)
  7 ball pythons
  5 bats
  3 frilled lizards
  15 kobolds
  7 rats
246 creatures vanquished.

Vanquished Creatures (collateral kills)
  A foxfire (D:1)
1 creature vanquished.

Vanquished Creatures (others)
  398 foxfires
  3 plants (D:9)
401 creatures vanquished.

Grand Total: 648 creatures vanquished

Notes
Turn   | Place    | Note
-------+----------+-------------------------------------------
     0 | D:1      | croobank the Demonspawn Fire Elementalist began the quest
                  | for the Orb.
     0 | D:1      | Reached XP level 1. HP: 13/13 MP: 3/3
   295 | D:1      | Gained mutation: Your touch may inflict minor irresistible
                  | damage on your foes. [demonic ancestry]
   295 | D:1      | Reached XP level 2. HP: 19/19 MP: 0/5
   543 | D:1      | Learned a level 2 spell: Scorch
   558 | D:1      | Reached XP level 3. HP: 23/24 MP: 0/6
  1553 | D:2      | Gained mutation: You regenerate a little health from kills.
                  | [demonic ancestry]
  1553 | D:2      | Reached XP level 4. HP: 30/30 MP: 0/7
  2070 | D:2      | Noticed Sigmund
  2073 | D:2      | Killed Sigmund
  2074 | D:2      | Gained mutation: You are partially covered in icy blue
                  | scales. (AC +2) [demonic ancestry]
  2074 | D:2      | Reached XP level 5. HP: 35/35 MP: 9/9
  2371 | D:3      | Found a faded altar of an unknown god.
  2938 | D:3      | Noticed Jessica
  2947 | D:3      | Killed Jessica
  2948 | D:3      | Reached XP level 6. HP: 41/41 MP: 10/10
  3867 | D:4      | Noticed Ijyb
  3874 | D:4      | Killed Ijyb
  4021 | D:4      | Gained mutation: You regenerate health from kills. [demonic
                  | ancestry]
  4021 | D:4      | Reached XP level 7. HP: 43/46 MP: 12/12
  4442 | D:5      | Entered Level 5 of the Dungeon
  4555 | D:5      | Noticed Prince Ribbit
  4561 | D:5      | Killed Prince Ribbit
  4562 | D:5      | Reached skill level 1 in Fighting
  4630 | D:5      | Noticed Eustachio
  4695 | D:5      | Killed Eustachio
  4696 | D:5      | Reached XP level 8. HP: 25/57 MP: 1/14
  6222 | D:6      | Found a staircase to the Ecumenical Temple.
  6237 | Temple   | Entered the Ecumenical Temple
  6451 | Temple   | Became a worshipper of Vehumet
  6488 | D:6      | Found an iron altar of Okawaru.
  6491 | D:6      | Found a basalt altar of Yredelemnul.
  6499 | D:6      | Found a snail-covered altar of Cheibriados.
  6502 | D:6      | Found a hazy altar of Hepliaklqana.
  6502 | D:6      | Found a sacrificial altar of Ru.
  6509 | D:6      | Found a hide-covered altar of Uskayaw.
  6513 | D:6      | Noticed Menkaure
  6518 | D:6      | Killed Menkaure
  6519 | D:6      | Reached skill level 5 in Fire Magic
  6889 | D:7      | Reached skill level 5 in Stealth
  6893 | D:7      | Gained mutation: Your touch may inflict irresistible damage
                  | on your foes. [demonic ancestry]
  6893 | D:7      | Reached XP level 9. HP: 62/66 MP: 7/16
  6901 | D:7      | Learned a level 3 spell: Inner Flame
  7401 | D:7      | Found an ornate altar of the Wu Jian Council.
  7642 | D:7      | Reached skill level 5 in Spellcasting
  7740 | D:7      | Reached skill level 5 in Conjurations
  7841 | D:7      | Reached skill level 5 in Fighting
  7888 | D:7      | Reached * piety under Vehumet
  7888 | D:7      | Offered knowledge of Shock by Vehumet.
  7897 | D:7      | Reached skill level 5 in Dodging
  8990 | D:8      | Reached skill level 1 in Hexes
  9432 | D:9      | Offered knowledge of Poisonous Vapours by Vehumet.
  9595 | D:9      | Learned a level 2 spell: Poisonous Vapours
  9604 | D:9      | Gained mutation: You are robust. (+10% HP) [demonic
                  | ancestry]
  9604 | D:9      | Reached XP level 10. HP: 69/83 MP: 18/18
  9675 | D:8      | Reached ** piety under Vehumet
  9819 | D:8      | Identified the +8 mace of the Key {vorpal, rElec}
  9919 | D:8      | Found Xaaq's Firing Range.
 10274 | D:9      | Noticed a two-headed ogre
 10603 | D:9      | Killed a two-headed ogre
 10604 | D:9      | Reached skill level 1 in Air Magic
 10604 | D:9      | Reached skill level 1 in Poison Magic
 11330 | D:9      | Identified the +9 trident of Ruination {drain, *Rage Int-5
                  | Dex+9 SInv}
 11346 | D:9      | Noticed Joseph
 11378 | D:9      | Killed Joseph
 11573 | D:9      | Noticed Pikel
 11583 | D:9      | Killed Pikel
 11667 | D:9      | Offered knowledge of Static Discharge by Vehumet.
 11795 | D:9      | Found a staircase to the Orcish Mines.
 11931 | D:9      | Reached *** piety under Vehumet
 11936 | D:9      | Reached XP level 11. HP: 82/91 MP: 20/20
 12064 | D:9      | Found a staircase to the Lair.
 12283 | D:10     | Entered Level 10 of the Dungeon
 12283 | D:10     | Noticed Psyche
 12286 | D:10     | Killed Psyche
 12290 | D:10     | Noticed Urug
 12294 | D:10     | Noticed Erica
 12453 | D:9      | Killed Urug
 12756 | D:10     | Killed Erica
 13495 | D:10     | Offered knowledge of Sticky Flame by Vehumet.
 13680 | D:10     | Learned a level 4 spell: Sticky Flame
 13684 | D:10     | Noticed Nergalle
 13696 | D:10     | Killed Nergalle
 14071 | D:11     | Noticed a two-headed ogre
 14085 | D:11     | Killed a two-headed ogre
 14632 | D:11     | Noticed a red ugly thing
 14645 | D:11     | Killed a red ugly thing
 14726 | D:11     | Found a portal to a secret trove of treasure.
 14737 | D:11     | Found Xuhaps's Antique Weapon Shoppe.
 14745 | D:11     | Identified the +1 ring mail of the Dolphin {*Slow Dex+6}
 14756 | D:11     | Noticed a two-headed ogre
 14768 | D:11     | Mangled by a two-headed ogre

Illustrated notes

Levels and vault maps discovered:
D:1:      psy_arrival_conway, layout_rooms, minmay_close_crescents
D:2:      layout_loops_cross, grunt_decor_mini_mirrors, uniq_sigmund
D:3:      layout_basic, ebering_ecumenical_altar_rust, uniq_jessica
D:4:      layout_basic, uniq_ijyb
D:5:      layout_cave_pools, minmay_misc_feat_cross,
          chequers_serial_rivers_micro_b, uniq_prince_ribbit1, uniq_eustachio
D:6:      layout_rooms, nicolae_overflow_hallway_of_the_gods,
          minmay_temple_entry_junction, hangedman_decor_opposing, uniq_menkaure
D:7:      black_bear_nest_2, layout_layer_cave, mainiacjoe_overflow_paths,
          st_stairs_5
D:8:      layout_loops_ring, nicolae_shop_firing_range
D:9:      layout_roguey, minmay_lair_entry_grove, erik_orc_1,
          minmay_crystal_room, uniq_pikel, uniq_joseph
D:10:     layout_rooms, uniq_urug, uniq_psyche, uniq_nergalle, uniq_erica
D:11:     layout_gridville, serial_shops, shop_fountains, enter_trove_0
Temple:   eino_temple_water

Skill      XL: |  1  2  3  4  5  6  7  8  9 10 11 |
---------------+----------------------------------+-----
Stealth        | 2 3 4 5 6 7 |  7.3
Dodging        | 2 3 4 5 6 |  6.7
Fire Magic     | 3 4 5 6 7 |  7.1
Spellcasting   | 3 4 5 6 |  6.7
Conjurations   | 2 3 4 5 6 7 |  7.2
Fighting       | 2 4 6 7 |  7.3
Hexes          | 1 3 4 |  4.4
Air Magic      | 2 3 |  3.5
Poison Magic   | 2 4 |  4.0

Action                   |  1- 3 |  4- 6 |  7- 9 | 10-12 || total
-------------------------+-------+-------+-------+-------++-------
Melee: Club              |     1 |       |       |       ||     1
       Dagger            |    11 |    19 |    43 |       ||    73
       Touch             |     1 |     5 |     5 |    23 ||    34
       Trident           |       |       |       |    83 ||    83
       Mace              |       |       |       |    54 ||    54
       Punch             |       |       |       |     3 ||     3
 Cast: Foxfire           |    38 |    38 |    82 |    83 ||   241
       Scorch            |    17 |    35 |   153 |    85 ||   290
       Inner Flame       |       |       |       |     7 ||     7
       Sticky Flame      |       |       |       |     2 ||     2
Evoke: Wand              |       |       |     1 |       ||     1
  Use: Scroll            |       |       |    18 |     8 ||    26
       Potion            |       |       |     1 |     1 ||     2
 Stab: Sleeping          |       |     1 |     1 |     1 ||     3
       Distracted        |       |       |       |     1 ||     1
Armor: Robe              |     3 |     7 |    12 |    15 ||    37
       Steam dragon scal |       |       |    27 |    50 ||    77
Dodge: Dodged            |    15 |    23 |   151 |   160 ||   349
